 Dungeon Crawl Stone Soup version 0.17.2-1-ge4368a0 (webtiles) character file.

92 Goblin1989 the Sneak (level 4, -2/22 HPs)
             Began as a Spriggan Assassin on Aug 22, 2016.
             Slain by pedritolo's ghost (5 damage)
             ... on level 4 of the Dungeon.
             The game lasted 00:13:55 (1384 turns).

Goblin1989 the Sneak (Spriggan Assassin)            Turns: 1384, Time: 00:13:55

Health: -2/22      AC:  3    Str:  7    XL:     4   Next: 35%
Magic:  5/5        EV: 13    Int: 12    God:
Gold:   60         SH:  0    Dex: 18    Spells: 0 memorised, 3 levels left

rFire  . . .     SeeInvis +     a - +2 dagger
rCold  . . .     Clarity  .     c - +0 robe
rNeg   . . .     SustAt   .     (shield restricted)
rPois  .         Gourm    .     (helmet restricted)
rElec  .         Spirit   .     d - +0 cloak
rCorr  .         Warding  .     (gloves unavailable)
rMut   .         Stasis   .     (boots unavailable)
MR     .....                    (no amulet)
Stlth  ++........               (no ring)
                                q - ring of stealth

@: glowing, very quick, not resistant to hostile enchantments, unstealthy
A: unfitting armour, see invisible, herbivore 3, speed 3, slow metabolism 2
a: no special abilities


You were on level 4 of the Dungeon.
You were not hungry.

You visited 1 branch of the dungeon, and saw 4 of its levels.

You collected 60 gold pieces.

Inventory:

Hand Weapons
 a - a +2 dagger (weapon)
 b - a +0 blowgun
Missiles
 e - 19 poisoned needles
 f - 2 curare-tipped needles
Armour
 c - a +0 robe (worn)
 d - a +0 cloak (worn)
Jewellery
 k - an uncursed ring of fire
 q - a ring of stealth (left hand)
Scrolls
 i - a scroll of magic mapping {unknown}
 j - 2 scrolls of remove curse {unknown}
 m - a scroll of fear {unknown}
 n - a scroll of immolation {unknown}
 o - a scroll of teleportation {unknown}
 s - a scroll of amnesia {unknown}
Potions
 h - a potion of agility {unknown}
Books
 r - an Akashic Record

   Spells                             Type                      Level
   a - Dispersal                      Translocation                6
   b - Malign Gateway                 Summoning/Translocation      7
   c - Disjunction                    Translocation                8
   d - Controlled Blink               Translocation                8
Comestibles
 g - 2 bread rations
 l - 5 fruits
 p - a slice of pizza


   Skills:
 - Level 1.5 Fighting
 * Level 4.1 Short Blades
 - Level 2.0 Throwing
 + Level 3.1 Dodging
 + Level 6.6 Stealth


You had 3 spell levels left.
You didn't know any spells.

Dungeon Overview and Level Annotations

Branches:
Dungeon (4/15)
 Temple: D:4-7

Altars:
Okawaru
The Shining One

Annotations:
D:4 pedritolo's ghost, amateur SpEn


Innate Abilities, Weirdness & Mutations

You are tiny and cannot use many weapons and most armour.
You have supernaturally acute eyesight.
You are a herbivore.
You cover ground extremely quickly.
You need consume almost no food.


Message History

Pedritolo's ghost points at you and mumbles some strange words.
You can't fall asleep again this soon!
The jackal completely misses you.
You take 7 damage, and have 9/22 hp.
MASSIVE DAMAGE!!
Read which item? (? for menu, Esc to quit)
Okay, then.
Drink which item? (? for menu, Esc to quit)
Okay, then.
Pedritolo's ghost hits you.
* * * LOW HITPOINT WARNING * * *
You take 4 damage, and have 5/22 hp.
Unknown command.
You open the door. Pedritolo's ghost hits you.
* * * LOW HITPOINT WARNING * * *
You take 2 damage, and have 3/22 hp.
There is an open door here.
The orc completely misses you.
There is an escape hatch in the ceiling here.
Pedritolo's ghost hits you.
You die...

...#.....'..........#.........###
#..##...##..........#..........#
#..##...##.....>....#..........#
....................#..........#
....................#........).#
......W.............'..........#
#####...##....###..###...##...##
... ##+###[...############ ...#
... +.......@...#....# ...# ...
#........W..#....# ..# ...
#.......o...#....# ...
#..........h#....# ...
##..........'l...# ...
...##.....##...##...####+ ...
#..........#######........ ###
#...........#...##l..##...
...#..####..#...##...# ..


You could see pedritolo's ghost, an orc, a jackal and a giant newt.

Vanquished Creatures
  An iguana (D:4)
  An adder (D:2)
  2 oozes (D:1)
  A giant gecko (D:2)
  2 ball pythons
  2 giant cockroaches
  9 goblins
  5 hobgoblins
  7 jackals
  7 kobolds
  3 bats
  4 giant newts
  5 rats
49 creatures vanquished.

Vanquished Creatures (others)
  A bat (D:2)
1 creature vanquished.

Grand Total: 50 creatures vanquished

Notes
Turn   | Place    | Note
--------------------------------------------------------------
     0 | D:1      | Goblin1989 the Spriggan Assassin began the quest for the Orb.
     0 | D:1      | Reached XP level 1. HP: 10/10 MP: 2/2
   151 | D:1      | Reached XP level 2. HP: 7/14 MP: 3/3
   165 | D:1      | Reached skill level 6 in Stealth
   593 | D:2      | Reached XP level 3. HP: 12/18 MP: 4/4
   709 | D:2      | Found a glowing golden altar of the Shining One.
   892 | D:2      | You fall through a shaft!
  1202 | D:4      | Reached XP level 4. HP: 22/22 MP: 5/5
  1316 | D:4      | Noticed pedritolo's ghost (amateur SpEn)
  1322 | D:4      | Found an iron altar of Okawaru.
  1352 | D:4      | Noticed an ogre
  1384 | D:4      | Slain by pedritolo's ghost

Action                   |  1- 3 |  4- 6 || total
-------------------------+-------+-------++-------
Melee: Dagger            |    88 |    18 ||   106
 Fire: Blowgun           |    23 |       ||    23
 Stab: Sleeping          |    13 |     1 ||    14
